 Dungeon Sprint DCSS version 0.17-a0-1210-g1e4f09d (webtiles) character file.

2384 Kidiri the Unseen (level 9, -1/51 HPs)
             Began as a Spriggan Assassin on June 4, 2015.
             Was an Elder of Dithmenos.
             Slain by an orc knight
             ... wielding a +0 dire flail
              (13 damage)
             ... in the Dungeon (Sprint III: "The Ten Rune Challenge").
             The game lasted 00:13:37 (1634 turns).

Kidiri the Unseen (Spriggan Assassin)               Turns: 1634, Time: 00:13:37

Health: -1/51      AC:  3    Str:  7    XL:     9   Next: 22%
Magic:  10/10      EV: 32    Int: 12    God:    Dithmenos [****..]
Gold:   43         SH:  0    Dex: 21    Spells: 0 memorised, 8 levels left

rFire  . . .     SeeInvis +     a - +2 dagger
rCold  + . .     Clarity  .     c - +0 robe
rNeg   . . .     SustAt   .     (shield restricted)
rPois  .         Gourm    .     i - +0 hat
rElec  .         Spirit   .     d - +0 cloak
rCorr  .         Warding  .     (gloves unavailable)
rMut   .         NoTele   +     (boots unavailable)
MR     +....                    (no amulet)
Stlth  ++++++++++               (no ring)
                                (no ring)

@: wreathed by umbra, very quick, somewhat resistant to hostile enchantments,
uncannily stealthy
A: unfitting armour, see invisible, cold resistance 1, herbivore 3, speed 3,
screaming 1, slow metabolism 2
a: Shadow Step, Renounce Religion


You were in the Dungeon.
You worshipped Dithmenos.
Dithmenos was greatly pleased with you.
You were not hungry.

You visited 1 branch You collected 43 gold pieces.

Inventory:

Hand weapons
 a - a +2 dagger (weapon)
 b - a +1 blowgun
 j - a +0 dagger of holy wrath
Missiles
 f - 3 poisoned needles
 o - a tomahawk (quivered)
Armour
 c - a +0 robe (worn)
 d - a +0 cloak (worn)
 i - a +0 hat (worn)
 p - a +0 robe
Magical devices
 e - a wand of polymorph (7)
Scrolls
 m - a scroll of blinking
 n - 3 scrolls of immolation
 s - 2 scrolls of identify
 u - a scroll of remove curse
Potions
 k - 3 potions of magic
Books
 l - a book of Death

   Spells                             Type                      Level
   a - Corpse Rot                     Necromancy                   2
   b - Sublimation of Blood           Necromancy                   2
   c - Agony                          Necromancy                   5
   d - Dispel Undead                  Necromancy                   5
   e - Excruciating Wounds            Charms/Necromancy            5
   f - Bolt of Draining               Conjuration/Necromancy       5
Comestibles
 g - a bread ration
 v - 2 royal jellies


   Skills:
 * Level 8.2 Fighting
 * Level 10.3 Short Blades
 * Level 10.6 Throwing
 * Level 13.0 Dodging
 * Level 15.0 Stealth


You had 8 spell levels left.
You didn't know any spells.

Dungeon Overview and Level Annotations

Branches:
Dungeon (1/1)

Altars:
Cheibriados
Dithmenos
Elyvilon
Fedhas
Gozag
Kikubaaqudgha
Makhleb
Nemelex Xobeh
Okawaru
Qazlal
Ru
Sif Muna
Trog
Vehumet
Xom
Yredelemnul
Zin
The Shining One
Jiyva
Lugonu


Innate Abilities, Weirdness & Mutations

You are tiny and cannot use many weapons and most armour.
You have supernaturally acute eyesight.
You are a herbivore.
You cover ground extremely quickly.
You need consume almost no food.
Your flesh is cold resistant.
You occasionally shout uncontrollably at your foes.


Message History

You closely miss the orc knight.
The orc knight is moderately wounded.
You hit the orc knight.
The orc knight is moderately wounded.
The orc warrior misses you.
The orc knight hits you with an uncursed dire flail!
* * * LOW HITPOINT WARNING * * *
You closely miss the orc knight.
The orc knight is moderately wounded.
Drink which item? (? for menu, Esc to quit)
You feel better. The orc warrior misses you.
The orc knight completely misses you.
You completely miss the orc knight.
The orc knight is moderately wounded.
The orc warrior completely misses you.
You hit the orc knight but do no damage.
The orc knight is moderately wounded.
Your shadow closely misses the orc knight.
The orc knight hits you with an uncursed dire flail!
You die...

#'###[##$.oo
.......#ooo .......#o$
######'#(#
#__#...#o##############
#__#...#o[oo#o#.#)..).#
#__#...##o#o)#.##.###.#
#__#...'##.#.#o##.#..##
#_.'...#.).#.(#o@##..
▓▓▓▓▓▓▓▓▓▓▓▓▓▓▓▓▓▓▓▓▓


You could see an orc knight and an orc warrior (frenzied).

Vanquished Creatures
  Erolcha (D)
  A deep elf priest (D)
  A shadow (D)
  A spatial vortex (D)
  2 hill giants (D)
  A necrophage (D)
  An orc warrior (D)
  3 two-headed ogres (D)
  A water elemental (D)
  A wizard (D)
  A jelly (D)
  A necromancer (D)
  Jessica (D)
  A wolf (D)
  3 humans (D)
  A kobold demonologist (D)
  An ooze (D)
  2 orcs (D)
  2 rats (D)
26 creatures vanquished.

Vanquished Creatures (others)
  2 draconian scorchers (D)
  A yaktaur (D)
3 creatures vanquished.

Grand Total: 29 creatures vanquished

Notes
Turn   | Place    | Note
--------------------------------------------------------------
     0 | D        | Kidiri the Spriggan Assassin began the quest for the Orb.
     0 | D        | Reached XP level 1. HP: 10/10 MP: 2/2
    11 | D        | Reached skill level 1 in Short Blades
    11 | D        | Reached skill level 6 in Stealth
    56 | D        | Noticed Jessica
    69 | D        | Killed Jessica
    69 | D        | Reached skill level 7 in Stealth
    69 | D        | Reached XP level 2. HP: 13/16 MP: 3/3
    69 | D        | Reached XP level 3. HP: 15/19 MP: 4/4
   158 | D        | Noticed a wolf
   167 | D        | Killed a yaktaur
   171 | D        | Killed a wolf
   187 | D        | Reached skill level 5 in Dodging
   187 | D        | Reached skill level 8 in Stealth
   187 | D        | Reached XP level 4. HP: 15/24 MP: 5/5
   316 | D        | Gained mutation: Your magical capacity is low (-10% MP). [potion of mutation]
   316 | D        | Gained mutation: You are dopey. (Int -2) [potion of mutation]
   316 | D        | Gained mutation: You have a pair of small horns on your head. [potion of mutation]
   317 | D        | Gained mutation: You can breathe flames. [potion of mutation]
   317 | D        | Gained mutation: Your flesh is cold resistant. [potion of mutation]
   317 | D        | Gained mutation: You occasionally shout uncontrollably at your foes. [potion of mutation]
   320 | D        | Lost mutation: You are dopey. (Int -2) [potion of cure mutation]
   320 | D        | Lost mutation: Your magical capacity is low (-10% MP). [potion of cure mutation]
   320 | D        | Lost mutation: You have a pair of small horns on your head. [potion of cure mutation]
   320 | D        | Lost mutation: You can breathe flames. [potion of cure mutation]
   336 | D        | Noticed a water elemental
   347 | D        | Killed a water elemental
   347 | D        | Reached skill level 5 in Throwing
   347 | D        | Reached skill level 9 in Stealth
   408 | D        | Killed a white draconian scorcher
   486 | D        | Noticed a jelly
   487 | D        | Noticed a shadow
   492 | D        | Killed a jelly
   492 | D        | Reached XP level 5. HP: 29/29 MP: 6/6
   570 | D        | Killed a shadow
   570 | D        | Reached skill level 5 in Fighting
   570 | D        | Reached skill level 10 in Stealth
   570 | D        | Reached XP level 6. HP: 16/35 MP: 7/7
   756 | D        | Found a stormy altar of Qazlal.
   756 | D        | Found a sacrificial altar of Ru.
   756 | D        | Found a burning altar of Makhleb.
   756 | D        | Found a shimmering altar of Xom.
   756 | D        | Noticed a spatial vortex
   757 | D        | Found a viscous altar of Jiyva.
   757 | D        | Found a shadowy altar of Dithmenos.
   757 | D        | Found a sparkling altar of Nemelex Xobeh.
   757 | D        | Found a corrupted altar of Lugonu.
   757 | D        | Found an opulent altar of Gozag.
   759 | D        | Killed a spatial vortex
   759 | D        | Reached skill level 11 in Stealth
   762 | D        | Became a worshipper of Dithmenos the Shadowed
   785 | D        | Found a glowing silver altar of Zin.
   785 | D        | Found a glowing golden altar of the Shining One.
   785 | D        | Found a white marble altar of Elyvilon.
   785 | D        | Noticed a deep elf priest
   788 | D        | Killed a deep elf priest
   788 | D        | Reached skill level 10 in Dodging
   788 | D        | Reached skill level 12 in Stealth
   788 | D        | Reached XP level 7. HP: 40/40 MP: 8/8
   797 | D        | Found an iron altar of Okawaru.
   797 | D        | Found a bloodstained altar of Trog.
   797 | D        | Noticed a human
   798 | D        | Noticed a human
   819 | D        | Killed a human
   826 | D        | Killed a white draconian scorcher
   836 | D        | Killed a human
  1119 | D        | Found a basalt altar of Yredelemnul.
  1119 | D        | Found a snail-covered altar of Cheibriados.
  1119 | D        | Found a blossoming altar of Fedhas.
  1119 | D        | Noticed a necrophage
  1119 | D        | Noticed a necromancer
  1138 | D        | Killed a necromancer
  1138 | D        | Reached skill level 13 in Stealth
  1158 | D        | Killed a necrophage
  1158 | D        | Reached XP level 8. HP: 42/44 MP: 9/9
  1184 | D        | Found a radiant altar of Vehumet.
  1184 | D        | Found a deep blue altar of Sif Muna.
  1184 | D        | Found an ancient bone altar of Kikubaaqudgha.
  1184 | D        | Noticed a wizard
  1186 | D        | Killed a wizard
  1186 | D        | Acquired Dithmenos's first power
  1217 | D        | Noticed a two-headed ogre
  1217 | D        | Noticed a two-headed ogre
  1221 | D        | Killed a two-headed ogre
  1223 | D        | Killed a two-headed ogre
  1225 | D        | Noticed a two-headed ogre
  1242 | D        | Killed a two-headed ogre
  1356 | D        | Noticed a hill giant
  1359 | D        | Killed a hill giant
  1359 | D        | Acquired Dithmenos's second power
  1364 | D        | Noticed a hill giant
  1364 | D        | Noticed Erolcha
  1390 | D        | Killed Erolcha
  1390 | D        | Reached skill level 10 in Short Blades
  1390 | D        | Reached skill level 10 in Throwing
  1390 | D        | Reached skill level 14 in Stealth
  1390 | D        | Reached XP level 9. HP: 48/50 MP: 10/10
  1425 | D        | Killed a hill giant
  1546 | D        | Noticed an orc warrior
  1549 | D        | Noticed an orc warrior
  1549 | D        | Noticed an orc priest
  1549 | D        | Noticed an orc high priest
  1551 | D        | Noticed an orc warrior
  1553 | D        | Noticed an orc warrior
  1555 | D        | Noticed a soul eater
  1555 | D        | Noticed a sun demon
  1557 | D        | Noticed an orc knight
  1558 | D        | Noticed an orc wizard
  1559 | D        | Killed an orc warrior
  1559 | D        | Reached skill level 15 in Stealth
  1571 | D        | Acquired Dithmenos's third power
  1634 | D        | Slain by an orc knight

Vault maps used:
D:        dungeon_sprint_mu

Action                   |  1- 3 |  4- 6 |  7- 9 || total
-------------------------+-------+-------+-------++-------
Melee: Dagger            |    12 |    61 |   162 ||   235
 Fire: Blowgun           |    14 |     4 |    27 ||    45
  Use: Potion            |       |     9 |     1 ||    10
       Scroll            |       |     3 |       ||     3
 Stab: Sleeping          |     2 |     3 |     5 ||    10
